woodfighter, chaotic female orcish Cavewoman ---- ----------- --.>-------- |.........| |.@j.......| |.........| |.`-----.-.| |.........| |..|...|``.| |....<....| |.`.`.`...-| |.........| |.`..`..|..| |.........| |.----..--.| |.........| |........|.-- |.........| |.---.-*....------------+| |...|...-......%...^^^^^.| |.....)...---------------- -----..|..| ------- woodfighter the Young Cave Woman Experience level: 9 Strength: 18/09 Dexterity: 14 Constitution: 15 Intelligence: 9 Wisdom: 9 Charisma: 7 Health: 0(57) Energy: 24(24) Def: 17 Gold: 82 Moves: 8000 Dungeon seed: X8s1eZ1qA0WSvyT- Game ID: woodfighter_1475402132 Your Inventory: Coins $ - 82 gold pieces Weapons a - 5 +0 dwarvish spears (in quiver) b - a +0 dwarvish spear (weapon in hand) Armor c - an uncursed +0 elven shield (being worn) e - an uncursed +0 elven cloak (being worn) n - a blessed greased +3 black dragon scale mail (being worn) q - a blessed +0 pair of leather gloves (being worn) r - an uncursed +0 pair of jumping boots (being worn) N - an uncursed corroded +0 orcish helm (being worn) Comestibles j - 2 uncursed eucalyptus leaves p - 7 uncursed food rations E - an uncursed banana G - an uncursed fortune cookie K - an uncursed apple P - an uncursed lichen corpse R - an uncursed tin of orc meat Z - an uncursed lizard corpse Rings I - a blessed +1 ring of adornment J - an uncursed ring of shock resistance Q - an uncursed ring of cold resistance Y - an uncursed ring of levitation Wands M - a wand of create monster (0:11) Tools s - a +0 pick-axe y - an uncursed skeleton key C - an uncursed stethoscope H - a blessed oil lamp (0:1381) L - a +0 unicorn horn Gems z - an uncursed luckstone Spells and supernatural/magical abilities: Name Level Category Fail Memory W - pray for help -- divine ? -- Y - supernatural jump -- ability ? -- Your skills at the end: Miscellaneous Skills bare handed combat [Basic] shield [Basic] Weapon Skills scimitar [Basic] club [Skilled] spear [Skilled] sling [Basic] Spellcasting Skills Final Attributes: You were piously aligned. You were sleep resistant. You were disintegration-resistant. You were poison resistant. Your writing hand was ok. You were telepathic. You had infravision. You were very stealthy. You could jump. You were fast. You were lucky. You had extra luck. Bad luck did not time out for you. Good luck did not time out for you. You are dead. Vanquished creatures: 4 small mimics a large dog a freezing sphere a large cat a chameleon a Grey-elf 2 giant beetles a wolf a panther a leprechaun a quivering blob a spotted jelly a lizard a horse an orc mummy an ogre a Green-elf 2 dogs a dingo a jaguar a white unicorn a gnome mummy a Woodland-elf a human zombie 2 wood nymphs 2 Uruk-hai a rock mole 2 rock piercers a fog cloud a shrieker 14 gnome lords a gnomish wizard a kobold mummy a red naga hatchling a black naga hatchling a golden naga hatchling a guardian naga hatchling 5 giant ants a puppy 5 floating eyes 15 dwarves a kobold lord a kobold shaman 3 hill orcs 4 rothes 2 rabid rats 2 centipedes 2 giant bats a wererat a werejackal 10 killer bees a coyote 3 hobbits an acid blob 3 geckos a hobgoblin 8 giant rats a cave spider a brown mold a yellow mold a green mold 41 gnomes 2 garter snakes 4 jackals 2 foxes a kobold 9 newts 6 sewer rats 13 grid bugs 3 lichens 213 creatures vanquished. Voluntary challenges: You did not adorn yourself with jewelry or accessories. You did not cause conflict. You were not invisible. You did not have reflection. You were not displaced. You used a wielded weapon 361 times, starting on turn 91. You did not apply a unicorn horn. You did not use plumbed fixtures. You did not drink any magical draughts. You read items or engraved 2 times, starting on turn 4608. You never genocided any monsters. You never polymorphed an object. You never changed form. You cheated in Sokoban 1 time, without finishing. You used 1 wish, starting on turn 2876. You did not wish for any artifacts. You never split a pudding. You wrote Elbereth's name 1 time, starting on turn 4608. You never violated your personal moral code. Dungeon overview: The Dungeons of Doom: levels 1 to 9 Level 1 (vault) some fountains a long staircase Level 2 (water) a fountain Level 3 ( ) an altar to Anshar, a fountain Level 4 a potion shop stairs to The Gnomish Mines Level 5 (water) a general store Level 6 (nymph) a fountain Level 7 many fountains Level 8 (leprechaun) a general store, a fountain, a sink stairs to Sokoban Level 9 The Gnomish Mines: levels 5 to 10 Level 5 stairs to The Dungeons of Doom Level 6 Level 7 many shops, a temple to Anshar, a magic chest, some fountains, some trees Level 8 Level 9 Level 10 (Orange Dragon) Sokoban: levels 5 to 7 Level 5 <- You were here Level 6 Level 7 a magic chest stairs to The Dungeons of Doom History has recorded: On T:1 you entered the Dungeons of Doom to retrieve the Amulet of Yendor! On T:84 you reached level 2 of The Dungeons of Doom. On T:720 you reached level 3 of The Dungeons of Doom. On T:854 you advanced to experience level 2. On T:1171 you reached level 4 of The Dungeons of Doom. On T:1253 you advanced to experience level 3. On T:1406 you reached level 1 of The Gnomish Mines. On T:1612 you advanced to experience level 4. On T:1753 you advanced to experience level 5. On T:1930 you reached level 2 of The Gnomish Mines. On T:2289 you reached level 3 of The Gnomish Mines. On T:2311 you advanced to experience level 6. On T:2821 you entered the Minetown temple On T:2834 you opened a magic chest. On T:2876 you wished for "+3 blessed fixed greased dragon scale mail". On T:3207 you advanced to experience level 7. On T:3245 you reached level 4 of The Gnomish Mines. On T:3446 you reached level 5 of The Gnomish Mines. On T:3832 you advanced to experience level 8. On T:4063 you reached level 6 of The Gnomish Mines. On T:4605 you prayed to Anshar. On T:4994 you reached level 5 of The Dungeons of Doom. On T:5692 you reached level 6 of The Dungeons of Doom. On T:5707 you reached level 7 of The Dungeons of Doom. On T:6125 you reached level 8 of The Dungeons of Doom. On T:6372 you reached level 9 of The Dungeons of Doom. On T:6793 you reached level 4 of Sokoban. On T:7059 you reached level 3 of Sokoban. On T:7645 you reached level 2 of Sokoban. On T:7928 you advanced to experience level 9. Score breakdown: Gold: 82 ( 8 points) Experience: 9 levels ( 800 points) Exploration: 10 levels ( 270 points) Discoveries: 23 items ( 1150 points) Variety of kills: 70 monsters ( 2000 points) Major goal: reached Minetown ( 500 points) Survival: died (score multiplied by 3) Total score: 14184 Latest messages: You start equipping your elven cloak. You are now wearing an elven cloak. With great effort you move the boulder. You see here a wood nymph corpse. The boulder falls into and plugs a hole in the floor! You see here a wood nymph corpse. You try to move the boulder, but in vain. With great effort you move the boulder. You see here 24 rocks. With great effort you move the boulder. You see here 24 rocks. With great effort you move the boulder. You try to move the boulder, but in vain. You see here 3 daggers. With great effort you move the boulder. You see here a wood nymph corpse. With great effort you move the boulder. The boulder falls into and plugs a hole in the floor! You see here a wood nymph corpse. You jab the blue jelly! (2x) You are suddenly very cold! You jab the blue jelly. You are suddenly very cold! You jab the blue jelly! You are suddenly very cold! You die... Final status: Goodbye woodfighter the Cavewoman, killed by a blue jelly... You died in Sokoban on dungeon level 5 with 14184 points, and 82 pieces of gold, after 8000 moves. You were level 9 with a maximum of 57 hit points when you died.